 Dungeon Crawl Stone Soup version 0.26.0-10-g1f06aea511 (webtiles) character file.

Game seed: 4083355039147596409

244649 HoaS the Brawler (level 19, -10/177 HPs)
             Began as a Ghoul Gladiator on Jan 24, 2021.
             Was the Champion of Makhleb.
             Mangled by an emperor scorpion (15 damage)
             ... on level 1 of the Spider Nest.
             The game lasted 01:19:41 (31612 turns).

HoaS the Brawler (Ghoul Gladiator)                 Turns: 31612, Time: 01:19:42

Health: -10/177    AC: 32    Str: 25 (27) XL:     19   Next: 45%
Magic:  2/18       EV: 15    Int:  0 (3)  God:    Makhleb [******]
Gold:   4372       SH:  5    Dex: 13 (15) Spells: 18/18 levels left

rFire    . . .     SeeInvis .     - Unarmed
rCold    + . .     Faith    .   (no shield)
rNeg     + + +     Spirit   .   v - +2 plate armour {Will+}
rPois    ∞         Reflect  +   g - +1 helmet of Shielding {Will+}
rElec    .         Harm     .   B - +2 cloak
rCorr    .         Rampage  .   (no gloves)
Will     +++..                  L - +2 pair of boots
Stlth    ..........             w - amulet of reflection
HPRegen  0.00/turn              N - +6 ring of strength
MPRegen  0.16/turn              c - +4 ring of protection

@: slowed, lost intelligence, very slow
A: claws 1, cold resistance 1, negative energy resistance 3, inhibited
regeneration, torment resistance, unbreathing
}: 2/15 runes: decaying, gossamer
a: Renounce Religion, Minor Destruction, Lesser Servant of Makhleb, Major
Destruction, Greater Servant of Makhleb


You were on level 1 of the Spider Nest.
You worshipped Makhleb.
Makhleb was exalted by your worship.
You visited 6 branches of the dungeon, and saw 32 of its levels.
You also visited: Gauntlet and Ice Cave.

You collected 4878 gold pieces.
You spent 506 gold pieces at shops.

Inventory:

Missiles
 k - 101 poisoned darts
 q - 23 boomerangs (quivered)
 r - 19 silver boomerangs
 y - 41 javelins
 M - 10 curare-tipped darts
 O - 6 boomerangs of dispersal
 R - 3 atropa-tipped darts
Armour
 g - the +1 helmet of Shielding (worn) {Will+}
   (You bought it in a shop on level 5 of the Dungeon)

   It affects your willpower, your defense against some magical effects.
 v - a +2 plate armour of willpower (worn)
 B - a +2 cloak (worn)
 L - a +2 pair of boots (worn)
Jewellery
 c - a +4 ring of protection (right claw)
 m - an uncursed ring of ice
 s - a +6 ring of dexterity
 w - an amulet of reflection (around neck)
 D - an uncursed ring of flight
 N - a +6 ring of strength (left claw)
 P - an uncursed ring of resist corrosion
Wands
 b - a wand of polymorph (28)
 f - a wand of random effects (86)
 n - a wand of paralysis (28)
 z - a wand of digging (26)
 A - a wand of enslavement (19)
 E - a wand of iceblast (26)
 G - a wand of flame (55)
 Q - a wand of disintegration (17)
Scrolls
 i - 3 scrolls of teleportation
 j - 20 scrolls of identify
 l - 8 scrolls of magic mapping
 p - 14 scrolls of remove curse
 u - 3 scrolls of enchant armour
 x - 3 scrolls of torment
 C - 3 scrolls of fear
 F - 5 scrolls of blinking
 J - a scroll of fog
Potions
 a - 4 potions of cancellation
 d - 8 potions of curing
 e - 3 potions of flight
 h - 2 potions of heal wounds
 o - 5 potions of attraction
 t - 5 potions of haste
 H - 7 potions of ambrosia
 I - 3 potions of resistance
 K - 3 potions of might


   Skills:
 + Level 17.4 Fighting
 - Level 1.7 Throwing
 + Level 15.0 Armour
 + Level 15.2 Dodging
 + Level 20.1 Unarmed Combat


You had 18 spell levels left.
You didn't know any spells.
Your spell library contained the following spells:

 Spells                   Type           Power        Failure   Level
 Corona                   Hex            0%           99%         1
 Foxfire                  Conj/Fire      0%           99%         1
 Freeze                   Ice            0%           99%         1
 Magic Dart               Conj           0%           99%         1
 Pain                     Necr           0%           99%         1
 Sting                    Tmut/Pois      0%           99%         1
 Summon Small Mammal      Summ           0%           99%         1
 Blink                    Tloc           N/A          100%        2
 Call Imp                 Summ           0%           100%        2
 Ensorcelled Hibernation  Hex/Ice        0%           100%        2
 Passwall                 Tmut/Erth      0%           100%        2
 Poisonous Vapours        Pois/Air       0%           100%        2
 Slow                     Hex            0%           100%        2
 Swiftness                Air            0%           100%        2
 Call Canine Familiar     Summ           0%           100%        3
 Confusing Touch          Hex            0%           100%        3
 Conjure Flame            Conj/Fire      0%           100%        3
 Dazzling Flash           Conj/Hex       0%           100%        3
 Gell's Gravitas          Tloc           0%           100%        3
 Ignite Poison            Fire/Tmut/Pois 0%           100%        3
 Inner Flame              Hex/Fire       0%           100%        3
 Lesser Beckoning         Tloc           0%           100%        3
 Mephitic Cloud           Conj/Pois/Air  0%           100%        3
 Ozocubu's Armour         Ice            0%           100%        3
 Portal Projectile        Hex/Tloc       0%           100%        3
 Summon Guardian Golem    Hex/Summ       0%           100%        3
 Teleport Other           Tloc           0%           100%        3
 Tukima's Dance           Hex            0%           100%        3
 Animate Dead             Necr           0%           100%        4
 Olgreb's Toxic Radiance  Pois           0%           100%        4
 Passage of Golubria      Tloc           N/A          100%        4
 Petrify                  Tmut/Erth      0%           100%        4
 Sticky Flame             Conj/Fire      0%           100%        4
 Summon Ice Beast         Ice/Summ       0%           100%        4
 Summon Lightning Spire   Summ/Air       0%           100%        4
 Agony                    Necr           0%           100%        5
 Alistair's Intoxication  Tmut/Pois      0%           100%        5
 Bolt of Magma            Conj/Fire/Erth 0%           100%        5
 Borgnjor's Vile Clutch   Necr/Erth      0%           100%        5
 Fireball                 Conj/Fire      0%           100%        5
 Iskenderun's Battlesphe  Conj           0%           100%        5
 Lightning Bolt           Conj/Air       0%           100%        5
 Metabolic Englaciation   Hex/Ice        0%           100%        5
 Silence                  Hex/Air        0%           100%        5
 Summon Mana Viper        Hex/Summ       0%           100%        5
 Yara's Violent Unravell  Hex/Tmut       0%           100%        5
 Death Channel            Necr           0%           100%        6
 Freezing Cloud           Conj/Ice/Air   0%           100%        6
 Iron Shot                Conj/Erth      0%           100%        6
 Ozocubu's Refrigeration  Ice            0%           100%        6
 Shadow Creatures         Summ           N/A          100%        6
 Simulacrum               Ice/Necr       0%           100%        6
 Orb of Destruction       Conj           0%           100%        7
 Spellforged Servitor     Conj/Summ      0%           100%        7
 Dragon's Call            Summ           0%           100%        9
 Sublimation of Blood     Necr           Unusable     N/A         2
 Ice Form                 Ice/Tmut       Unusable     N/A         4
 Hydra Form               Tmut           Unusable     N/A         6

Dungeon Overview and Level Annotations

Branches:
Dungeon (15/15)            Temple (1/1) D:5            Lair (6/6) D:9
  Swamp (4/4) Lair:2       Spider (4/4) Lair:3        Slime (0/5) Lair:5
    Orc (2/2) D:11            Elf (0/3) Orc:2        Vaults (0/5) D:13
 Depths (0/5) D:15          IceCv (visited)         Gauntlet (visited)

Altars:
Ashenzari
Cheibriados
Dithmenos
Elyvilon
Hepliaklqana
Kikubaaqudgha
Makhleb
Nemelex Xobeh
Okawaru
Qazlal
Ru
Sif Muna
Trog
Uskayaw
Vehumet
Wu Jian
Xom
Yredelemnul
Zin
The Shining One

Shops:
D:5 *   Orc:1 !   Orc:2 !:*(

Portals:
Pandemonium: Orc:2

Annotations:
Lair:5 exclusion: 4 oklob plants
Swamp:1 Frances
Spider:1 1 transporter


Innate Abilities, Weirdness & Mutations

You thrive by killing the living.
You are immune to poison.
You have sharp fingernails.
Your flesh is cold resistant. (rC+)
You are immune to negative energy. (rN+++)
You do not regenerate when monsters are visible.
You are immune to unholy pain and torment.
You can survive without breathing.


Message History

The wolf spider bites you.
* * * LOW HITPOINT WARNING * * *
You hear a loud "Zot"!
The jumping spider pounces on you but does no damage.
The jumping spider bites you but does no damage.
The wolf spider barely misses you.
The wolf spider bites you but does no damage.
You block the emperor scorpion's attack.
The emperor scorpion claws you but does no damage. x2
The wolf spider hits you but does no damage.
The wolf spider closely misses you. The green death hits you!!
* * * LOW HITPOINT WARNING * * *
You almost manage to decipher the scroll, but fail in this attempt.
You block the jumping spider's attack. The jumping spider bites you.
* * * LOW HITPOINT WARNING * * *
The wolf spider hits you but does no damage.
The wolf spider barely misses you. The wolf spider hits you.
* * * LOW HITPOINT WARNING * * *
You block the wolf spider's attack. The emperor scorpion stings you!
You die...

...s ... # #..... ^ #.#.#.#^# .#
##..^...^^ .## ###
#^.##.#.#^##.^# ##.#
#..^^.^^^s..# .>.## #..##s##ss#
### #[.^# #^..^.s@## ##.# ....###
#^....2s# ##..## .##...##
#..^©^^.# ##.#!.# #......#
######### #...#.## .#.##..# #####
###...^#
..###..###############..####
.#...#.!.....©...#.#.......##
^.##.##.........#.....####).#
#.......#.##..#.....###.....#####


You could see an emperor scorpion, a green death, 2 wolf spiders, an orb spider,
a jumping spider and a tarantella.

Vanquished Creatures
  Nikola (Spider:2)
  Arachne (Spider:2)
  Jorgrun (Orc:1)
  The ghost of Dracia the Impaler, an adept MfGl of Makhleb (Spider:4)
  Kirke (Spider:4)
  Roxanne (Spider:2)
  5 ghost moths
  8 emperor scorpions
  Nessos (Orc:2)
  7 bunyips
  3 entropy weavers
  A minotaur (Gauntlet)
  A spark wasp (Spider:4)
  6 eleionomae
  3 fire dragons
  A shambling mangrove (Swamp:2)
  Erolcha (D:12)
  4 vault guards (D:13)
  25 hydras
  3 ghost crabs
  A boulder beetle (Lair:4)
  3 catoblepae
  A centaur warrior (D:13)
  A death knight (D:15)
  2 ogre magi
  A deep troll shaman (Lair:6)
  6 alligators
  15 two-headed ogres
  9 death yaks
  4 tengu warriors
  Urug (Lair:5)
  A thrashing horror (Gauntlet)
  4 spriggans
  9 orc high priests (Orc:2)
  Sonja (Orc:2)
  2 infernal demonspawn (Orc:2)
  8 goliath frogs
  2 spriggan druids
  2 wizards
  2 unseen horrors
  2 bog bodies
  9 swamp dragons
  A torturous demonspawn (Orc:2)
  A gelid demonspawn (Orc:2)
  A phantasmal warrior (D:15)
  3 lindwurms
  21 orb spiders
  5 orc knights
  An oklob plant (Lair:2)
  25 wolf spiders
  2 deep elf magi
  3 manticores
  2 necromancers
  4 will-o-the-wisps
  2 orc sorcerers (Orc:2)
  16 ugly things
  A centaur zombie (D:14)
  A salamander (shapeshifter) (D:14)
  A cyclops (D:13)
  An apocalypse crab (Gauntlet)
  4 moths of wrath
  A rust devil (Orc:2)
  2 naga magi (D:15)
  4 elephants (Lair:6)
  3 ice statues (IceCv)
  4 black mambas
  Joseph (D:9)
  11 cane toads
  3 torpor snails
  2 gargoyles
  3 rime drakes
  A kobold demonologist (D:11)
  2 freezing wraiths (D:15)
  9 komodo dragons
  A tengu conjurer (D:12)
  An ice devil (Orc:2)
  14 demonic crawlers
  6 tyrant leeches
  47 jumping spiders
  8 polar bears
  8 trolls
  11 hornets
  24 blink frogs
  2 slime creatures
  2 centaur simulacra (D:15)
  A shadow (D:11)
  104 redbacks
  A tarantella (shapeshifter) (D:14)
  35 tarantellas
  6 wyverns
  5 wraiths
  38 yaks
  A vampire (D:13)
  A ynoxinul (Orc:2)
  4 fire bats (Swamp:4)
  4 small abominations (Gauntlet)
  A hog (Spider:4)
  7 basilisks
  A human (Spider:4)
  4 steam dragons
  2 wargs (Orc:1)
  15 swamp worms
  An acid dragon (D:13)
  11 water moccasins
  37 orc warriors
  2 hornet zombies
  11 swamp drakes
  19 ice beasts
  9 black bears
  3 phantoms
  2 eyes of draining (D:12)
  4 sky beasts
  A necrophage (D:9)
  24 wolves
  17 ogres
  6 centaurs
  3 big kobolds
  A komodo dragon zombie (Swamp:1)
  20 bullfrogs
  6 scorpions
  2 troll zombies (D:11)
  12 killer bees (D:9)
  A swamp dragon simulacrum (Swamp:1)
  20 wights
  5 electric eels (Lair:3)
  8 jellies
  A quasit (D:9)
  3 hounds
  4 bullfrog zombies
  32 orc priests
  25 orc wizards
  2 bullfrog skeletons
  4 centaur skeletons
  3 iguanas
  An iron imp (Spider:3)
  Jessica (D:3)
  A worker ant (shapeshifter) (D:13)
  12 worker ants
  6 ogre zombies (D:11)
  2 hound zombies
  A worker ant zombie (D:8)
  2 howler monkey skeletons
  3 gnolls (D:3)
  13 adders
  A shadow imp (D:10)
  3 white imps
  An ufetubus (D:5)
  An ooze (D:1)
  A swamp drake simulacrum (Swamp:1)
  An adder skeleton (D:4)
  2 adder zombies
  A worm (D:3)
  A dart slug (D:1)
  3 leopard geckos
  85 orcs
  A ball python (D:1)
  4 giant cockroaches
  10 goblins
  4 hobgoblins
  11 jackals
  14 kobolds
  9 quokkas
  6 bats
  4 frilled lizards
  A giant cockroach zombie (D:5)
  A goblin skeleton (D:11)
  6 goblin zombies (D:11)
  5 hobgoblin zombies (D:11)
  A leopard gecko skeleton (D:5)
  A leopard gecko zombie (D:7)
  An orc skeleton (D:11)
  12 orc zombies (D:11)
  A quokka skeleton (D:4)
  A quokka zombie (D:6)
  8 rats
1198 creatures vanquished.

Vanquished Creatures (others)
  A lindwurm (Swamp:4)
  A bloated husk (Swamp:1)
  A redback (Spider:4)
  2 humans (Spider:4)
  2 steam dragons (Swamp:4)
  A swamp drake (Swamp:4)
  18 foxfires
  30 fungi
  84 plants
140 creatures vanquished.

Grand Total: 1338 creatures vanquished

Notes
Turn   | Place    | Note
-------+----------+-------------------------------------------
     0 | D:1      | HoaS the Ghoul Gladiator began the quest for the Orb.
     0 | D:1      | Reached XP level 1. HP: 17/17 MP: 0/0
   169 | D:1      | Reached XP level 2. HP: 23/24 MP: 1/1
   171 | D:1      | Reached skill level 4 in Unarmed Combat
   471 | D:1      | Reached XP level 3. HP: 29/29 MP: 2/2
   944 | D:2      | Reached skill level 5 in Unarmed Combat
   974 | D:2      | Reached XP level 4. HP: 34/36 MP: 3/3
  1451 | D:3      | Reached skill level 6 in Unarmed Combat
  1467 | D:3      | Reached XP level 5. HP: 38/41 MP: 4/4
  1549 | D:3      | Noticed Jessica
  1572 | D:3      | Killed Jessica
  1659 | D:3      | Reached skill level 7 in Unarmed Combat
  1659 | D:3      | Reached XP level 6. HP: 44/48 MP: 5/5
  1829 | D:3      | Found a white marble altar of Elyvilon.
  2062 | D:4      | Reached skill level 8 in Unarmed Combat
  2080 | D:4      | Noticed a phantom
  2108 | D:4      | Killed a phantom
  2109 | D:4      | Reached XP level 7. HP: 19/55 MP: 6/6
  2357 | D:4      | Reached skill level 9 in Unarmed Combat
  2505 | D:5      | Entered Level 5 of the Dungeon
  2552 | D:5      | Identified a scroll of acquirement
  2552 | D:5      | Acquired 363 gold pieces
  2805 | D:5      | Found Hoystrewke's Assorted Antiques.
  2824 | D:5      | Bought a warped helmet for 199 gold pieces
  2824 | D:5      | Identified the +1 helmet of Shielding {Will+} (You bought
                  | it in a shop on level 5 of the Dungeon)
  3046 | D:5      | Found a staircase to the Ecumenical Temple.
  3060 | Temple   | Entered the Ecumenical Temple
  3523 | D:6      | Found a burning altar of Makhleb.
  3537 | D:6      | Became a worshipper of Makhleb the Destroyer
  3631 | D:6      | Reached skill level 10 in Unarmed Combat
  3631 | D:6      | Reached XP level 8. HP: 42/61 MP: 7/7
  4114 | D:6      | Found a stormy altar of Qazlal.
  4240 | D:7      | Reached skill level 11 in Unarmed Combat
  4621 | D:7      | Found a broken altar of Ashenzari.
  4729 | D:7      | Reached skill level 12 in Unarmed Combat
  4801 | D:7      | Reached XP level 9. HP: 68/68 MP: 8/8
  5008 | D:7      | Found a shimmering altar of Xom.
  5169 | D:8      | Reached skill level 1 in Armour
  5173 | D:8      | Reached * piety under Makhleb
  5201 | D:8      | Acquired 1146 gold pieces
  5316 | D:8      | Noticed a two-headed ogre
  5330 | D:8      | Killed a two-headed ogre
  5547 | D:9      | Reached skill level 5 in Fighting
  5577 | D:9      | Noticed a troll
  5588 | D:9      | Reached XP level 10. HP: 67/81 MP: 9/9
  5593 | D:9      | Reached ** piety under Makhleb
  5727 | D:9      | Reached skill level 5 in Dodging
  5787 | D:9      | Noticed a two-headed ogre
  5813 | D:9      | Killed a two-headed ogre
  5814 | D:9      | Reached skill level 13 in Unarmed Combat
  5871 | D:9      | Reached skill level 5 in Armour
  6240 | D:9      | Found a staircase to the Lair.
  6262 | D:9      | Noticed Joseph
  6274 | D:9      | Killed Joseph
  6275 | D:9      | Reached XP level 11. HP: 74/92 MP: 10/10
  6483 | D:10     | Entered Level 10 of the Dungeon
  6557 | D:10     | Reached *** piety under Makhleb
  6698 | D:10     | Noticed a two-headed ogre
  6761 | D:10     | Killed a two-headed ogre
  7211 | D:10     | Noticed a two-headed ogre
  7222 | D:10     | Killed a two-headed ogre
  7446 | Lair:1   | Entered Level 1 of the Lair of Beasts
  7764 | Lair:1   | Reached skill level 14 in Unarmed Combat
  8192 | Lair:2   | Noticed an oklob plant
  8244 | Lair:2   | Reached **** piety under Makhleb
  8565 | Lair:2   | Noticed a four-headed hydra
  8619 | Lair:2   | Killed a four-headed hydra
  8620 | Lair:2   | Reached XP level 12. HP: 104/104 MP: 11/11
  8647 | Lair:2   | Noticed a seven-headed hydra
  8659 | Lair:2   | Killed a seven-headed hydra
  9123 | Lair:2   | Noticed a six-headed hydra
  9140 | Lair:2   | Killed a six-headed hydra
  9153 | Lair:2   | Noticed a five-headed hydra
  9184 | Lair:2   | Killed a five-headed hydra
  9414 | Lair:2   | Found a staircase to the Swamp.
  9600 | Lair:3   | Noticed a death yak
  9600 | Lair:3   | Noticed a death yak
  9600 | Lair:3   | Noticed a death yak
  9602 | Lair:3   | Noticed a death yak
  9618 | Lair:3   | Killed a death yak
  9630 | Lair:3   | Killed a death yak
  9672 | Lair:2   | Killed a death yak
  9673 | Lair:2   | Reached skill level 10 in Fighting
  9678 | Lair:2   | Killed a death yak
  9955 | Lair:3   | Reached skill level 15 in Unarmed Combat
 10102 | Lair:3   | Reached XP level 13. HP: 98/114 MP: 12/12
 10203 | Lair:3   | Reached ***** piety under Makhleb
 10245 | Lair:3   | Found a hole to the Spider Nest.
 11542 | Lair:5   | Noticed Urug
 11561 | Lair:5   | Killed Urug
 11709 | Lair:5   | Found a staircase to the Slime Pits.
 12396 | Lair:6   | Entered Level 6 of the Lair of Beasts
 12448 | Lair:6   | Reached skill level 10 in Dodging
 12616 | Lair:6   | Reached XP level 14. HP: 117/125 MP: 13/13
 12671 | Lair:5   | Reached skill level 10 in Armour
 12943 | Lair:6   | Reached skill level 16 in Unarmed Combat
 13115 | Lair:6   | Reached ****** piety under Makhleb
 14108 | D:11     | Found a staircase to the Orcish Mines.
 15231 | Orc:1    | Entered Level 1 of the Orcish Mines
 15265 | Orc:1    | Found Ycosh's Distillery.
 15597 | Orc:2    | Entered Level 2 of the Orcish Mines
 15638 | Orc:2    | Found a frozen archway.
 15672 | IceCv    | Entered an ice cave
 15732 | IceCv    | Reached XP level 15. HP: 131/135 MP: 14/14
 16023 | IceCv    | Identified the Tome of Frigorific Execration
 16035 | IceCv    | Identified the Tome of Frigorific Transmigration
 16181 | Orc:2    | Found a staircase to the Elven Halls.
 16412 | Orc:2    | Noticed Sonja
 16462 | Orc:2    | Killed Sonja
 16637 | Orc:2    | Found Lilloystye's Distillery.
 16640 | Orc:2    | Found Begusaf's General Store.
 16801 | Orc:2    | Found a shimmering blue altar of Sif Muna.
 16927 | Orc:2    | Noticed Nessos
 16942 | Orc:2    | Killed Nessos
 17455 | Orc:2    | Reached skill level 17 in Unarmed Combat
 17765 | Orc:2    | Found Kibby's Book Shop.
 17765 | Orc:2    | Found Wogg's Antique Weapon Boutique.
 17782 | Orc:2    | Found a one-way gate leading to the halls of Pandemonium.
 17822 | Orc:2    | Bought a potion of haste for 140 gold pieces
 17822 | Orc:2    | Bought a potion of heal wounds for 70 gold pieces
 17824 | Orc:2    | Bought a scroll of magic mapping for 45 gold pieces
 17824 | Orc:2    | Bought a potion of might for 52 gold pieces
 17926 | Orc:1    | Noticed Jorgrun
 17940 | Orc:1    | Killed Jorgrun
 18209 | D:13     | Noticed Erolcha
 18219 | D:12     | Killed Erolcha
 18248 | D:13     | Found a gate to the Vaults.
 18399 | D:13     | Found a gate leading to a gauntlet.
 18417 | Gauntlet | Entered a Gauntlet
 18417 | Gauntlet | Found a transporter.
 18417 | Gauntlet | Found a transporter.
 18417 | Gauntlet | Found a large runed translucent door.
 18417 | Gauntlet | Found a large runed translucent door.
 18417 | Gauntlet | Found a large runed translucent door.
 18417 | Gauntlet | Found a large runed translucent door.
 18417 | Gauntlet | Found a large runed translucent door.
 18417 | Gauntlet | Found a large runed translucent door.
 18417 | Gauntlet | Found a runed translucent door.
 18417 | Gauntlet | Found a runed translucent door.
 18417 | Gauntlet | Found a large runed translucent door.
 18417 | Gauntlet | Found a large runed translucent door.
 18417 | Gauntlet | Found a large runed translucent door.
 18417 | Gauntlet | Found a large runed translucent door.
 18417 | Gauntlet | Found a large runed translucent door.
 18417 | Gauntlet | Found a large runed translucent door.
 18422 | Gauntlet | Found a transporter.
 18437 | Gauntlet | Found a transporter.
 18453 | Gauntlet | Found a transporter.
 18466 | Gauntlet | Found a transporter.
 18483 | Gauntlet | Found a transporter.
 18546 | Gauntlet | Found a large runed translucent door.
 18546 | Gauntlet | Found a large runed translucent door.
 18547 | Gauntlet | Found a runed translucent gate.
 18547 | Gauntlet | Found a runed translucent gate.
 18547 | Gauntlet | Found a runed translucent gate.
 18549 | Gauntlet | Found a transporter.
 18559 | Gauntlet | Found a large runed translucent door.
 18560 | Gauntlet | Found a large runed translucent door.
 18564 | Gauntlet | Found a transporter.
 18578 | Gauntlet | Found a transporter.
 18591 | Gauntlet | Found a transporter.
 18607 | Gauntlet | Found a transporter.
 18674 | Gauntlet | Found a transporter.
 18684 | Gauntlet | Found a transporter.
 18694 | Gauntlet | Found a transporter.
 18737 | Gauntlet | Found a transporter.
 18913 | Gauntlet | Got a scintillating steel amulet
 18916 | Gauntlet | Identified the amulet of the Five Wishes {Faith +Inv rElec
                  | MP-9 Int+9} (You found it in a Gauntlet)
 18945 | Gauntlet | Identified the cursed +0 dagger of the Equinox {holy, rF+}
 18945 | Gauntlet | Identified the -2 kite shield of Articulation {-Tele *Slow
                  | rPois rN++}
 19079 | Gauntlet | Identified Sois's Compendium of Poisoning and Companions
 19082 | Gauntlet | Identified Femy's Papyrus of Orientation
 19086 | Gauntlet | Got a shimmering chain mail
 19088 | Gauntlet | Identified the +1 chain mail of Ethics {*Drain rPois rC+
                  | Dex+9} (You found it in a Gauntlet)
 19303 | D:13     | Reached XP level 16. HP: 146/146 MP: 15/15
 20582 | D:15     | Entered Level 15 of the Dungeon
 20772 | D:15     | Reached skill level 18 in Unarmed Combat
 20843 | D:15     | Found a shadowy altar of Dithmenos.
 21040 | D:15     | Found a staircase to the Depths.
 21354 | Swamp:1  | Entered Level 1 of the Swamp
 21443 | Swamp:1  | Noticed Frances
 21944 | Swamp:1  | Reached skill level 15 in Fighting
 22473 | Swamp:2  | HP: 7/149 [will-o-the-wisp/foxfire (24)]
 22481 | Swamp:2  | Reached XP level 17. HP: 26/156 MP: 16/16
 22600 | Swamp:2  | HP: 2/156 [acid (8)]
 24193 | Swamp:4  | Entered Level 4 of the Swamp
 26024 | Swamp:4  | Got a decaying rune of Zot
 26333 | Spider:1 | Entered Level 1 of the Spider Nest
 26470 | Spider:1 | Reached skill level 19 in Unarmed Combat
 26541 | Spider:1 | Reached XP level 18. HP: 160/166 MP: 17/17
 26732 | Spider:1 | Found a transporter.
 27049 | Spider:2 | Noticed Arachne
 27084 | Spider:2 | Killed Arachne
 27270 | Spider:2 | Noticed Nikola
 27289 | Spider:2 | Killed Nikola
 27302 | Spider:2 | Identified Roxanne's Papyrus of Changing
 27302 | Spider:2 | Noticed Roxanne
 27325 | Spider:2 | Killed Roxanne
 27714 | Spider:1 | Found a transporter.
 29682 | Spider:4 | Entered Level 4 of the Spider Nest
 29820 | Spider:4 | Found a transporter.
 29821 | Spider:4 | Noticed Dracia's ghost (adept MfGl)
 29823 | Spider:4 | Found a transporter.
 29982 | Spider:4 | Reached XP level 19. HP: 177/177 MP: 18/18
 30033 | Spider:4 | Noticed Kirke
 30057 | Spider:4 | Killed Kirke
 30217 | Spider:4 | Reached skill level 15 in Dodging
 30605 | Spider:4 | Reached skill level 20 in Unarmed Combat
 31070 | Spider:4 | Got a gossamer rune of Zot
 31167 | Spider:4 | HP: 1/177 [Dracia's ghost (13)]
 31177 | Spider:4 | Killed Dracia's ghost
 31178 | Spider:4 | Reached skill level 15 in Armour
 31253 | Spider:4 | Identified Zodem Naa's Volume of Necromancy and Lightness
 31595 | Spider:1 | Lost intelligence.
 31612 | Spider:1 | HP: 5/177 [wolf spider (5)]
 31612 | Spider:1 | Mangled by an emperor scorpion

Illustrated notes

Levels and vault maps discovered:
D:1:      dpeg_arrival_short_road, layout_loops_ring
D:2:      layout_basic
D:3:      layout_loops_cross, general_overflow_altar, uniq_jessica
D:4:      minmay_bubble_buster, layout_loops_cross,
          gammafunk_temple_overflow_wave, hangedman_abyss_or_decor_passed
D:5:      layout_loops_ring, minmay_temple_entry_junction, serial_shops,
          nicolae_shop_overgrown_old_shop, minivault_24,
          minmay_misc_feat_pillars, grunt_decor_arrowhead
D:6:      layout_gridville, nicolae_qazlal_eye_of_the_storm, bloody_makhleb
D:7:      layout_cave_pods, ashenzari_conservatory_becter,
          lemuel_coloured_pillars_altar
D:8:      layout_rooms
D:9:      layout_irregular_city, minmay_lair_entry_grove, uniq_joseph
D:10:     layout_stronghold
D:11:     layout_roguey, zombieorc2_lemuel
D:12:     layout_roguey
D:13:     nzn_motion_control, layout_rooms, lightli_vaults_fourway_checkpoint,
          gauntlet_entry_generic, uniq_erolcha
D:14:     layout_loops_cross, grunt_decor_cap, chequers_serial_rivers_marsh
D:15:     grunt_enter_depths_magical_seal, layout_rooms,
          nicolae_dithmenos_through_a_glass_darkly
Temple:   regret_index_temple_waves
Lair:1:   layout_chaotic_city
Lair:2:   layout_hall_layers, palyth_hydra_swamp_entry, columned_hall_lemuel,
          chequers_serial_rivers_large_a, chequers_serial_rivers_marsh,
          beast_lair_carwin_11, minmay_lair_oklob_chamber
Lair:3:   layout_misc_corridors, dummy_spider_entry, serial_bayou,
          serial_bayou_lagoon_a, serial_bayou_pond_a, serial_bayou_shore_a,
          serial_bayou_pond_c, serial_bayou_ford_a, serial_bayou_pond_d
Lair:4:   layout_long_grid
Lair:5:   layout_gridlike, minmay_slime_entry_pillars, dpeg_oklob_1, uniq_urug
Lair:6:   grunt_lair_end_beastmaster, layout_misc_corridors, st_stairs_12,
          cheibrodos_lair_lostbears
Swamp:1:  layout_basic_swamp, serial_swamp_ruin, evilmike_swamp_ruin_house_5,
          evilmike_swamp_ruin_house_2, evilmike_swamp_ruin_house_1, swamp_pool1,
          nicolae_swamp_necromancer_hut, uniq_frances
Swamp:2:  layout_falls_marsh, hangedman_swamp_ruin_wall
Swamp:3:  layout_falls_marsh, nicolae_swamp_round_clearing
Swamp:4:  swamp_fiery, layout_basic_swamp, swamp_pool4, grunt_witch_cave
Spider:1: gammafunk_its_a_trap, drop_trap
Spider:2: layout_spider_delve, drop_trap, uniq_arachne, uniq_roxanne,
          uniq_nikola
Spider:3: layout_chambers, nicolae_crawler_farm,
          hangedman_spider_tarantella_strand
Spider:4: grunt_spider_rune_circles, gammafunk_ghost_arena, uniq_kirke
Orc:1:    layout_caves, serial_shops, nicolae_shop_behind_doors,
          mines_bat_river, uniq_jorgrun
Orc:2:    pf_orc_diabolical, layout_diamond_mine,
          portal_ice_cave_entry_ice_beasts, led_sif_book, uniq_sonja,
          uniq_nessos

Skill      XL: |  1  2  3  4  5  6  7  8  9 10 11 12 13 14 15 16 17 18 19 |
---------------+----------------------------------------------------------+-----
Unarmed Combat | 4 5 6 7 8 10 12 13 14 15 16 17 18 19 20 | 20.1
Armour         | 3 5 7 8 9 11 12 13 14 15 | 15.0
Dodging        | 4 6 7 9 10 11 12 13 14 15 | 15.2
Fighting       | 5 7 9 10 11 13 14 15 16 17 | 17.4
Throwing       | |  1.7

Action                   |  1- 3 |  4- 6 |  7- 9 | 10-12 | 13-15 | 16-18 | 19-21 || total
-------------------------+-------+-------+-------+-------+-------+-------+-------++-------
Melee: Unarmed           |    96 |   118 |   289 |   629 |  1664 |  1642 |   348 ||  4786
       Punch             |     4 |     4 |     9 |    47 |   177 |   181 |    32 ||   454
Throw: Throwing net      |       |     1 |     1 |     1 |       |       |       ||     3
       Boomerang         |       |       |       |       |     9 |    10 |       ||    19
Evoke: Wand              |       |       |     2 |     3 |       |     3 |       ||     8
  Use: Scroll            |     2 |     4 |    13 |    10 |    17 |    10 |     1 ||    57
       Potion            |       |       |       |     3 |     1 |     2 |     7 ||    13
 Stab: Held in net/web   |       |       |     1 |       |       |     1 |       ||     2
       Confused          |       |       |       |       |       |     1 |       ||     1
Armor: Leather armour    |    12 |       |       |       |       |       |       ||    12
       Ring mail         |    19 |    39 |    32 |       |       |       |       ||    90
       Chain mail        |       |       |    58 |       |       |       |       ||    58
       Plate armour      |       |       |    43 |   389 |   820 |  1372 |   539 ||  3163
Dodge: Dodged            |    53 |    56 |   126 |   274 |   894 |  1355 |   404 ||  3162
Block: Other             |       |       |       |    37 |   321 |   419 |   125 ||   902
       Reflection        |       |       |       |       |     6 |     2 |       ||     8
